 Dungeon Crawl Stone Soup version 0.25-a0-464-g3004169 (webtiles) character file.

Game seed: 17235115645245741708, levelgen mode: deterministic

53 jocendy the Charmwright (level 3, 0/29 HPs)
             Began as a Demigod Skald on Feb 4, 2020.
             Succumbed to a goblin's poison
             ... on level 2 of the Dungeon.
             The game lasted 00:03:39 (842 turns).

jocendy the Charmwright (Demigod Skald)              Turns: 842, Time: 00:03:40

Health: 0/29       AC:  4    Str: 16    XL:     3   Next: 42%
Magic:  8/8        EV: 12    Int: 17    God:
Gold:   68         SH:  0    Dex: 15    Spells: 4/5 levels left

rFire    . . .     SeeInvis .   a - +0 hand axe
rCold    . . .     Gourm    .   (no shield)
rNeg     . . .     Faith    .   b - +0 leather armour
rPois    .         Spirit   .   g - +0 helmet
rElec    .         Reflect  .   (no cloak)
rCorr    .         Harm     .   (no gloves)
MR       .....                  (no boots)
Stlth    +.........             (no amulet)
HPRegen  0.09/turn              (no ring)
MPRegen  0.11/turn              (no ring)

@: lethally poisoned (0 -> -28), hasted, invisible, very quick
A: high mp 1
a: no special abilities


You were on level 2 of the Dungeon.
You were not hungry.

You visited 1 branch of the dungeon, and saw 2 of its levels.

You collected 68 gold pieces.

Inventory:

Hand Weapons
 a - a +0 hand axe (weapon)
Missiles
 i - 2 boomerangs (quivered)
Armour
 b - a +0 leather armour (worn)
 g - a +0 helmet (worn)
Jewellery
 k - an uncursed ring of protection from magic {unknown}
Scrolls
 e - a scroll of remove curse {unknown}
 f - a scroll of teleportation {unknown}
Comestibles
 d - 2 rations


   Skills:
 - Level 1.7 Fighting
 + Level 2.9 Axes
 - Level 0.8 Armour
 - Level 1.7 Dodging
 - Level 1.7 Spellcasting
 + Level 3.5 Charms


You had 4 spell levels left.
You knew the following spells:

 Your Spells              Type           Power        Failure   Level  Hunger
a - Infusion              Chrm           ##..         6%          1    #......

Your spell library contained the following spells:

 Spells                   Type           Power        Failure   Level  Hunger
 Song of Slaying          Chrm           ##......     9%          2    ###....
 Shroud of Golubria       Chrm/Tloc      #.....       19%         2    ###....
 Ozocubu's Armour         Chrm/Ice       #.......     34%         3    ###....
 Spectral Weapon          Hex/Chrm       #.......     34%         3    ###....


Dungeon Overview and Level Annotations

Branches:
Dungeon (2/15)

Annotations:
D:2 Robin


Innate Abilities, Weirdness & Mutations

You have an increased reservoir of magic. (+10% MP)


Message History

You feel sick.
The goblin no longer looks unusually strong.
The hobgoblin no longer looks unusually strong.
The hobgoblin closely misses you. The goblin hits you with a +0 club.
* * * LOW HITPOINT WARNING * * *
The goblin hits you but does no damage.
You are more poisoned.
You hit Robin but do no damage.
Robin is moderately wounded.
You hit the hobgoblin but do no damage. You hit the goblin.
You closely miss the goblin.
* * * LOW HITPOINT WARNING * * *
You feel sick. Robin hits you with a +0 club.
* * * LOW HITPOINT WARNING * * *
The hobgoblin hits you with a +0 club.
* * * LOW HITPOINT WARNING * * *
The goblin closely misses you.
It was a potion of invisibility.
You fade into invisibility!
You die...

############
#...<.......
########g..........
.?....g@gg...>.....
..#.####g)........?
..............
g..g.###.#.#####
...... #.#.# ......
#.#.# #.#### .# #.
.#


You could see Robin, a hobgoblin and 3 goblins.

Vanquished Creatures
  A gnoll (D:1)
  3 dart slugs (D:1)
  A leopard gecko (D:1)
  3 bats (D:1)
  2 giant cockroaches (D:1)
  4 hobgoblins
  4 kobolds (D:1)
  2 frilled lizards (D:1)
  8 goblins
  6 rats
34 creatures vanquished.

Notes
Turn   | Place    | Note
-------+----------+-------------------------------------------
     0 | D:1      | jocendy the Demigod Skald began the quest for the Orb.
     0 | D:1      | Reached XP level 1. HP: 17/17 MP: 5/5
    92 | D:1      | Reached skill level 3 in Charms
    92 | D:1      | Reached XP level 2. HP: 16/24 MP: 0/7
   307 | D:1      | Reached XP level 3. HP: 23/29 MP: 8/8
   827 | D:2      | Noticed Robin
   841 | D:2      | HP: 1/29 [hobgoblin/+0 club[Robin] (2)]
   842 | D:2      | Succumbed to a goblin's poison

Levels and vault maps discovered:
D:1:      lightli_arrival_chessboard, layout_basic, minmay_cut_off
D:2:      layout_basic, minmay_quantized, uniq_terence, uniq_crazy_yiuf_cottage,
          uniq_robin

Skill      XL: |  1 |
---------------+----+-----
Axes           | 2 |  2.9
Charms         | 3 |  3.5
Fighting       | |  1.7
Armour         | |  0.8
Dodging        | |  1.7
Spellcasting   | |  1.7

Action                   || total
-------------------------++-------
Melee: Hand axe          ||    89
 Cast: Infusion          ||     1
  Use: Potion            ||     2
Armor: Leather armour    ||    30
Dodge: Dodged            ||    70

Table legend:
 A = Non-vault XP
 B = Vault XP
 C = Vault XP percentage of total XP
 D = Non-vault monster count
 E = Vault monster count
 F = Vault count percentage of total count
                 A         B        C        D         E       F
            +---------+---------+-------+---------+---------+-------
      Total |      51 |      26 |  33.8 |      27 |       7 |  20.6
            +---------+---------+-------+---------+---------+-------
        D:1 |      50 |      16 |  24.2 |      26 |       2 |   7.1
        D:2 |       1 |      10 |  90.9 |       1 |       5 |  83.3
            +---------+---------+-------+---------+---------+-------
